 Dungeon Crawl Stone Soup version 0.17.2-1-ge4368a0 (webtiles) character file.

276 Goblin1989 the Insei (level 6, 44/47 HPs)
             Began as a Demonspawn Monk on Oct 27, 2016.
             Quit the game on level 4 of the Dungeon.
             The game lasted 00:05:24 (2907 turns).

Goblin1989 the Insei (Demonspawn Monk)              Turns: 2907, Time: 00:05:24

Health: 44/47      AC:  8    Str: 21    XL:     6   Next: 4%
Magic:  6/6        EV: 12    Int: 12    God:
Gold:   136        SH:  0    Dex: 15    Spells: 0 memorised, 5 levels left

rFire  . . .     SeeInvis .       - Unarmed
rCold  . . .     Clarity  .     c - +0 ring mail
rNeg   . . .     SustAt   .     (no shield)
rPois  .         Gourm    .     (helmet restricted)
rElec  .         Spirit   .     (no cloak)
rCorr  .         Warding  .     (no gloves)
rMut   .         Stasis   .     (no boots)
MR     .....                    (no amulet)
Stlth  +.........               (no ring)
                                k - +3 ring of strength

@: mighty, not resistant to hostile enchantments, very unstealthy
A: horns 1, thin metallic scales 2
a: no special abilities


You were on level 4 of the Dungeon.
You were very hungry.

You visited 1 branch of the dungeon, and saw 4 of its levels.

You collected 136 gold pieces.

Inventory:

Armour
 c - a +0 ring mail (worn)
Jewellery
 k - a +3 ring of strength (left hand)
Wands
 n - a wand of random effects (30)
Scrolls
 a - 2 scrolls of teleportation {unknown}
 d - a scroll of enchant armour {unknown}
 f - a scroll of recharging {unknown}
 g - 4 scrolls of identify {unknown}
 i - a scroll of immolation {!r}
 M - a scroll of magic mapping
Potions
 j - 2 potions of mutation {unknown}
 l - a potion of agility {unknown}
 m - a potion of flight {unknown}
 q - 2 potions of poison {unknown}
Comestibles
 b - 6 bread rations {@e1}
 p - a meat ration {@e2}


   Skills:
 - Level 3.0 Fighting
 - Level 2.6 Dodging
 - Level 1.7 Stealth
 + Level 6.7 Unarmed Combat


You had 5 spell levels left.
You didn't know any spells.

Dungeon Overview and Level Annotations

Branches:
Dungeon (4/15)
 Temple: D:4-7

Altars:

Portals:
Ossuary: D:4


Innate Abilities, Weirdness & Mutations

You have a pair of small horns on your head.
You are mostly covered in thin metallic scales (AC +3).


Message History

You miss Dowan.
Dowan is heavily wounded.
Dowan closely misses you. Dowan hits you but does no damage.
You hit Dowan.
Dowan is severely wounded.
Dowan hits you but does no damage.
You punch Dowan!
You kill Dowan!
You have reached level 6!
Your experience leads to an increase in your attributes!
Your base attributes are Str 12, Int 12, Dex 15.
Increase (S)trength, (I)ntelligence, or (D)exterity?
You feel stronger.
Your demonic ancestry asserts itself...
A pair of horns grows on your head!
You regained 5 hp, and now have 44/47 hp.
MP restored: 6 Unknown command.
Unknown command.
Unknown command.
Are you sure you want to abandon this character and quit the game? (Confirm with "yes".)

...██▓█...█▓▓
█.█████▓▓▓▓
█!.··▓█.....▓▓█..██
███▓··..>...·▓█.>.█
▓·······▓▓▓█...█████
▓·······▓
██.......██
▓·······▓
█....██...█
▓·······▓
█...).....█
▓·······▓
█...█.....█
▓·······▓
█..@...█..█
▓·······▓
█..).∩....█
▓·······▓
██.█...█..█
▓▓▓▓▓▓▓▓▓ █.█......█
█........█
███......█


████████ There were no monsters in sight!

Vanquished Creatures
  Duvessa (D:4)
  Dowan (D:4)
  Crazy Yiuf (D:2)
  Jessica (D:2)
  An adder (D:2)
  An adder skeleton (D:3)
  2 worms
  3 giant geckos
  2 orcs
  3 giant cockroaches (D:2)
  6 goblins
  4 hobgoblins
  A quokka (D:3)
  A ball python (D:1)
  8 bats
  2 giant newts (D:1)
  4 kobolds
  A quokka skeleton (D:4)
  5 rats
48 creatures vanquished.

Notes
Turn   | Place    | Note
--------------------------------------------------------------
     0 | D:1      | Goblin1989 the Demonspawn Monk began the quest for the Orb.
     0 | D:1      | Reached XP level 1. HP: 18/18 MP: 1/1
   489 | D:1      | Reached skill level 4 in Unarmed Combat
   571 | D:1      | Gained mutation: You are partially covered in thin metallic scales (AC +2). [demonic ancestry]
   571 | D:1      | Reached XP level 2. HP: 24/24 MP: 2/2
  1151 | D:2      | Noticed Jessica
  1172 | D:2      | Killed Jessica
  1172 | D:2      | Gained mutation: You are mostly covered in thin metallic scales (AC +3). [demonic ancestry]
  1172 | D:2      | Reached XP level 3. HP: 9/29 MP: 3/3
  1577 | D:2      | Reached skill level 5 in Unarmed Combat
  1643 | D:2      | Noticed Crazy Yiuf
  1657 | D:2      | Killed Crazy Yiuf
  1657 | D:2      | Reached XP level 4. HP: 22/35 MP: 0/4
  2848 | D:4      | Noticed an ogre
  2884 | D:4      | Found a sand-covered staircase.
  2885 | D:4      | Noticed Duvessa
  2896 | D:4      | Killed Duvessa
  2896 | D:4      | Reached skill level 6 in Unarmed Combat
  2896 | D:4      | Reached XP level 5. HP: 37/41 MP: 5/5
  2897 | D:4      | Noticed Dowan
  2906 | D:4      | Killed Dowan
  2906 | D:4      | Gained mutation: You have a pair of small horns on your head. [demonic ancestry]
  2906 | D:4      | Reached XP level 6. HP: 44/47 MP: 6/6
  2907 | D:4      | Quit the game

Action                   |  1- 3 |  4- 6 || total
-------------------------+-------+-------++-------
Melee: Unarmed           |   104 |    84 ||   188
  Use: Scroll            |       |     2 ||     2
       Potion            |       |     2 ||     2
 Stab: Sleeping          |     1 |     2 ||     3
  Eat: Chunk             |     2 |     3 ||     5

Vault maps used:
D:1:      dpeg_arrival_renting, serial_forest, infiniplex_forest_straight_5,
          infiniplex_forest_end_double, infiniplex_forest_clump_small,
          infiniplex_forest_end_3, infiniplex_forest_lined_2,
          infiniplex_forest_clump_small, infiniplex_forest_zigzag_1,
          infiniplex_forest_zigzag_2
D:2:      patterned_corridor, uniq_jessica, uniq_crazy_yiuf_cottage
D:3:      serial_co_window_serial, co_window_corner_a,
          co_window_of_opportunity_a, co_window_corner_a, co_window_paths_a,
          co_window_corner_a, co_window_2corner, co_window_unsneaky_path_a,
          co_window_corner_b, co_window_paths_d, glass_columns_b,
          glass_columns_a
D:4:      nicolae_ossuary_entry_ruins, uniq_duvessa
